 Dungeon Crawl Stone Soup version 0.23-a0-494-g91793a9 (webtiles) character file.

1652 theanonym the Basher (level 8, -5/57 HPs)
             Began as a Mummy Warper on Dec 3, 2018.
             Slain by an ogre
             ... wielding a +0 giant club
              (13 damage)
             ... on level 6 of the Dungeon.
             The game lasted 00:09:14 (7487 turns).

theanonym the Basher (Mummy Warper)                 Turns: 7487, Time: 00:09:15

Health: -5/57      AC: 10    Str: 17    XL:     8   Next: 68%
Magic:  12/12      EV:  2    Int: 12    God:
Gold:   181        SH: 11    Dex: 14    Spells: 12/12 levels left

rFire    x . .     SeeInvis .   m - +0 flail (crush)
rCold    + . .     Gourm    .   i - +0 large shield
rNeg     + + +     Faith    .   h - +0 chain mail
rPois    ∞         Spirit   .   k - +0 helmet (curse)
rElec    .         Reflect  .   (no cloak)
rCorr    .         Harm     .   g - +0 pair of gloves {archery}
MR       ++...                  (no boots)
Stlth    ..........             (no amulet)
HPRegen  0.19/turn              p - +3 ring of dexterity
MPRegen  0.13/turn              d - ring of protection from magic

@: no status effects
A: no food or potions, fire vulnerability, cold resistance 1, negative energy
resistance 3, torment resistance, unbreathing
a: no special abilities


Innate Abilities, Weirdness & Mutations

You do not eat or drink.
Your flesh is vulnerable to fire.
You are immune to poison.
Your flesh is cold resistant. (rC+)
You are immune to negative energy. (rN+++)
You are immune to unholy pain and torment.
You can survive without breathing.


   Skills:
 + Level 2.9 Fighting
 * Level 9.3 Maces & Flails
 - Level 0.7 Throwing
 - Level 0.7 Armour
 - Level 1.5 Dodging
 - Level 2.6 Spellcasting
   Level 2.4 Translocations


You had 12 spell levels left.
You didn't know any spells.
Your spell library contained the following spells:

 Spells                   Type           Power        Failure   Level  Hunger
 Animate Skeleton         Necr           N/A          100%        1    N/A
 Apportation              Tloc           #.....       100%        1    N/A
 Confusing Touch          Hex            #.....       100%        1    N/A
 Summon Small Mammal      Summ           #...         100%        1    N/A
 Blink                    Tloc           N/A          100%        2    N/A
 Shroud of Golubria       Chrm/Tloc      #.........   100%        2    N/A
 Gell's Gravitas          Tloc           #.........   100%        3    N/A
 Lesser Beckoning         Tloc           #.........   100%        3    N/A
 Teleport Other           Tloc           #.......     100%        3    N/A
 Passage of Golubria      Tloc           N/A          100%        4    N/A

Skill      XL: |  1  2  3  4  5  6  7  8 |
---------------+-------------------------+-----
Maces & Flails | 2 3 4 5 6 7 9 |  9.3
Fighting       | |  2.9
Throwing       | |  0.7
Armour         | |  0.7
Dodging        | |  1.5
Spellcasting   | |  2.6
Translocations | |  2.4

Action                   |  1- 3 |  4- 6 |  7- 9 || total
-------------------------+-------+-------+-------++-------
Melee: Mace              |   182 |    53 |       ||   235
       Flail             |       |   253 |   273 ||   526
Throw: Tomahawk          |       |       |     3 ||     3
Evoke: Wand              |       |       |     1 ||     1
  Use: Scroll            |       |     7 |     4 ||    11
Armor: Leather armour    |    40 |       |       ||    40
       Chain mail        |    92 |   233 |   189 ||   514
Dodge: Dodged            |   105 |    19 |    21 ||   145
Block: Large shield      |    57 |   180 |   151 ||   388

Inventory:

Hand Weapons
 m - a +0 flail of crushing (weapon)
   (You took it off Terence on level 2 of the Dungeon)
Missiles
 e - 2 tomahawks of dispersal (quivered)
Armour
 g - a +0 pair of gloves of archery (worn)
   (You bought it in a shop on level 4 of the Dungeon)
 h - a +0 chain mail (worn)
   (You found it on level 1 of the Dungeon)
 i - a +0 large shield (worn)
   (You found it on level 1 of the Dungeon)
 k - a cursed +0 helmet (worn)
   (You took it off Robin on level 2 of the Dungeon)
Magical Staves
 b - an uncursed staff of air {unknown}
   (You found it on level 4 of the Dungeon)
Jewellery
 a - an uncursed ring of protection from cold
   (You found it on level 4 of the Dungeon)
 d - a ring of protection from magic (right hand)
   (You found it on level 3 of the Dungeon)
 p - a +3 ring of dexterity (left hand)
   (You found it on level 3 of the Dungeon)
Wands
 f - a wand of flame (12)
   (You found it on level 2 of the Dungeon)
 v - a wand of acid (9)
   (You found it on level 5 of the Dungeon)
Scrolls
 c - 4 scrolls of enchant weapon
 j - 4 scrolls of amnesia
 l - a scroll of enchant armour
 n - 2 scrolls of remove curse
 o - a scroll of immolation
 t - 3 scrolls of teleportation {!r}
 y - 2 scrolls of magic mapping
 B - a scroll of blinking


You were on level 6 of the Dungeon.
You were not hungry.

You visited 1 branch of the dungeon, and saw 7 of its levels.

You collected 346 gold pieces.
You spent 165 gold pieces at shops.

Dungeon Overview and Level Annotations

Branches:
Dungeon (7/15)
 Temple: D:4-7

Altars:
Cheibriados
Fedhas
Gozag
Qazlal
Uskayaw
Xom
The Shining One

Shops:
D:4 [ D:5

[ ###.........# #.# #.#######.#
#.# #.# #.# #.# ### #.# #.# #.#
####.## #.# #.# #.# #...#.#
###.#######.# #.# ####..###.
.##.##...##.########.# #......#..
.##.##.........O{o...###....!....
.##...........)[@y...............
.##..##.######.####..###.........
.....#...## #.###...###..(....##
#.........# #.##.....####.....#
#.##.#....# #.##..............#
#.##.##.#.# #.##.....####...###
.....##.#.# #.###...## ##..#
........#.# #.# ##### #..####
#.#.......# #.# #......


You could see an ogre, a killer bee and an orc.

Notes
Turn   | Place    | Note
-------+----------+-------------------------------------------
     0 | D:1      | theanonym the Mummy Warper began the quest for the Orb.
     0 | D:1      | Reached XP level 1. HP: 16/16 MP: 4/4
    23 | D:1      | HP: 6/16 [goblin/+0 dagger (3)]
   253 | D:1      | Reached skill level 2 in Maces & Flails
   285 | D:1      | Reached XP level 2. HP: 20/22 MP: 5/5
   762 | D:1      | Reached XP level 3. HP: 24/27 MP: 7/7
   773 | D:1      | Reached skill level 3 in Maces & Flails
  1297 | D:2      | Noticed Robin
  1304 | D:2      | HP: 13/27 [goblin[Robin] (2)]
  1325 | D:1      | HP: 9/27 [goblin[Robin] (2)]
  1531 | D:1      | HP: 11/27 [hobgoblin/+0 club[Robin] (5)]
  1825 | D:2      | Killed Robin
  1833 | D:2      | Reached XP level 4. HP: 32/33 MP: 8/8
  2061 | D:2      | Noticed Terence
  2071 | D:2      | Killed Terence
  2071 | D:2      | Reached skill level 4 in Maces & Flails
  2087 | D:2      | Found a glowing golden altar of the Shining One.
  2175 | D:2      | Found a blossoming altar of Fedhas.
  2324 | D:3      | Found a hide-covered altar of Uskayaw.
  2328 | D:3      | Noticed a +0 hand axe
  2330 | D:3      | Noticed a -2 dagger
  2420 | D:3      | Reached XP level 5. HP: 38/38 MP: 9/9
  2569 | D:3      | Found a shimmering altar of Xom.
  3020 | D:4      | Noticed a centaur
  3028 | D:4      | HP: 19/38 [centaur/cursed -1 shortbow (2)]
  3029 | D:4      | Killed a centaur
  3029 | D:4      | Reached skill level 5 in Maces & Flails
  3200 | D:4      | HP: 17/38 [gnoll/cursed -1 halberd (10)]
  3245 | D:3      | HP: 17/38 [gnoll/cursed -3 club (3)]
  3425 | D:3      | Reached XP level 6. HP: 25/44 MP: 10/10
  3785 | D:4      | Found Livil's Antique Armour Shop.
  3790 | D:4      | Bought a pair of runed gloves for 165 gold pieces
  4113 | D:4      | Found a stormy altar of Qazlal.
  4314 | D:5      | Entered Level 5 of the Dungeon
  4426 | D:5      | Reached skill level 6 in Maces & Flails
  4571 | D:5      | Reached XP level 7. HP: 38/50 MP: 11/11
  4692 | D:5      | HP: 21/50 [worker ant (6)]
  4698 | D:5      | HP: 18/50 [worker ant (1)]
  4983 | D:5      | Found an opulent altar of Gozag.
  5035 | D:5      | Found Noryobb's Antique Armour Shop.
  5115 | D:5      | Reached skill level 7 in Maces & Flails
  5563 | D:6      | HP: 19/50 [centaur/arrow (7)]
  5569 | D:5      | HP: 4/50 [iguana (8)]
  5873 | D:6      | HP: 24/50 [something (6)]
  6055 | D:5      | Reached XP level 8. HP: 46/56 MP: 12/12
  6112 | D:6      | Reached skill level 8 in Maces & Flails
  6242 | D:6      | HP: 28/56 [something/puff of frost (3)]
  6247 | D:6      | HP: 19/56 [orc/+0 hand axe (1)]
  6689 | D:6      | Found a snail-covered altar of Cheibriados.
  6801 | D:6      | HP: 27/56 [something/magic dart (2)]
  7076 | D:6      | Reached skill level 9 in Maces & Flails
  7483 | D:7      | HP: 26/57 [ogre/+0 giant club (10)]
  7486 | D:6      | HP: 8/57 [ogre/+0 giant club (9)]
  7487 | D:6      | Slain by an ogre

Vanquished Creatures
  An ice beast (D:5)
  A sky beast (D:6)
  3 centaurs
  A phantom (D:6)
  An ogre (D:4)
  4 bullfrogs
  A scorpion (D:5)
  A jelly (D:5)
  2 crimson imps
  5 orc wizards
  3 orc priests
  2 hounds
  An iguana (D:5)
  Terence (D:2)
  4 worker ants
  Robin (D:2)
  4 gnolls
  7 adders
  2 worms
  A dart slug (D:1)
  8 leopard geckos
  8 orcs
  11 bats
  4 giant cockroaches
  13 goblins
  11 hobgoblins
  15 jackals
  3 quokkas
  A ball python (D:5)
  5 frilled lizards
  6 kobolds
  2 leopard gecko skeletons
  7 rats
140 creatures vanquished.

Vanquished Creatures (others)
  A sky beast (D:6)
  An orc wizard (D:6)
2 creatures vanquished.

Grand Total: 142 creatures vanquished

Table legend:
 A = Turns spent in this place as a percentage of turns spent in the entire game.
 B = Non-inter-level travel turns spent in this place as a percentage of non-inter-level travel turns spent in the entire game.
 C = Inter-level travel turns spent in this place as a percentage of turns spent in this place.
 D = Turns resting spent in this place as a percentage of non-inter-level travel turns spent in this place.
 E = Turns spent auto-exploring this place as a percentage of non-inter-level travel turns spent in this place.
 F = Non-inter-level travel turns spent in this place divided by the number of levels of this place that you've seen.
                   A       B       C       D       E      F
               +-------+-------+-------+-------+-------+----------------------
         Total | 100.0 | 100.0 |   2.9 |  43.5 |  37.3 | 1038.9
       Dungeon | 100.0 | 100.0 |   2.9 |  43.5 |  37.3 | 1038.9
               +-------+-------+-------+-------+-------+----------------------
